 Dungeon Crawl Stone Soup version 0.27.0-1-g7a089689b8 (webtiles) character file.

Game seed: 14454344814378441849

2 sanka the Sneak (level 1, 0/18 HPs)
             Began as a Human Delver on Aug 8, 2021.
             Slain by a bullfrog skeleton (3 damage)
             ... on level 5 of the Dungeon.
             The game lasted 00:01:21 (306 turns).

sanka the Sneak (Human Delver)                       Turns: 306, Time: 00:01:22

Health: 0/18       AC:  3    Str: 12    XL:     1   Next: 44%
Magic:  2/2        EV: 12    Int: 10    God:
Gold:   0          SH:  0    Dex: 14    Spells: 1/1 levels left

rFire    . . .     SeeInvis .   a - +0 hand axe
rCold    . . .     Faith    .   (no shield)
rNeg     . . .     Spirit   .   b - +0 leather armour
rPois    .         Reflect  .   (no helmet)
rElec    .         Harm     .   (no cloak)
rCorr    .         Rampage  .   (no gloves)
Will     .....                  (no boots)
Stlth    +++.......             (no amulet)
HPRegen  0.06/turn              (no ring)
MPRegen  0.08/turn              (no ring)

@: no status effects
A: no striking features
a: no special abilities


You were on level 5 of the Dungeon.
You visited 1 branch of the dungeon, and saw 2 of its levels.


   Skills:
 - Level 3.0 Fighting
 - Level 2.0 Axes
 - Level 2.0 Dodging
 - Level 5.0 Stealth
 + Level 0.6 Spellcasting


You had one spell level left.
You didn't know any spells.
Your spell library contained the following spells:

 Spells                   Type           Power      Damage    Failure   Level
 Beastly Appendage        Tmut           0%         N/A       43%         1
 Wereblood                Tmut           0%         N/A       56%         2
 Spider Form              Tmut/Pois      0%         N/A       80%         3

Inventory:

Hand Weapons
 a - a +0 hand axe (weapon)
Armour
 b - a +0 leather armour (worn)
Wands
 g - a wand of digging (3)
Scrolls
 c - a scroll of fog
 d - a scroll of magic mapping
 e - a scroll of fear
 h - 2 scrolls of identify {unknown}
 i - a scroll of noise {unknown}
Potions
 f - a potion of haste {@q3}

Dungeon Overview and Level Annotations

Branches:
Dungeon (5/15)
 Temple: D:4-7

Altars:

Annotations:
D:4 Robin
D:5 exclusions: 2 doors, iguana, orc and orc wizard

......▒..▒▒▒....
......'........... ▒
......▒+▒.....▒▒.▒ .▒▒...▒
...........▒▒+▒▒.▒▒. ..o▒▒▒▒.
...........▒....... .o.....
...........▒...... ......
...........+ .... ▒▒▒▒▒...▒
...........▒▒▒▒Z▒▒▒..▒▒...▒▒▒..
...........▒....p▒▒............
...........▒...................
...........+.....▒▒(.▒▒...▒▒..▒
...........▒.....▒▒..▒▒▒▒▒▒
...........▒.....▒....▒
.).........▒.....▒....▒
...........▒▒▒▒▒▒▒▒...▒
....>.............▒...▒
......▒▒▒▒▒.......'...▒


You could see a bullfrog skeleton.


Message History

The bullfrog skeleton is lightly damaged.
The bullfrog skeleton closely misses you.
You slash the bullfrog skeleton!
The bullfrog skeleton is moderately damaged.
The bullfrog skeleton hits you. The bullfrog skeleton hits you.
You hit the bullfrog skeleton.
The bullfrog skeleton is heavily damaged.
The bullfrog skeleton hits you.
You barely miss the bullfrog skeleton.
The bullfrog skeleton is heavily damaged.
The bullfrog skeleton closely misses you.
The bullfrog skeleton closely misses you.
You hit the bullfrog skeleton.
The bullfrog skeleton is heavily damaged.
The bullfrog skeleton hits you.
You hit the bullfrog skeleton but do no damage.
The bullfrog skeleton is heavily damaged.
The bullfrog skeleton hits you.
* * * LOW HITPOINT WARNING * * *
The bullfrog skeleton misses you.
You hit the bullfrog skeleton.
The bullfrog skeleton is severely damaged.
The bullfrog skeleton hits you.
* * * LOW HITPOINT WARNING * * *
You barely miss the bullfrog skeleton.
The bullfrog skeleton is severely damaged.
The bullfrog skeleton closely misses you.
The bullfrog skeleton hits you.
You die...

Action                   || total
-------------------------++-------
Melee: Hand axe          ||    14
Armor: Leather armour    ||     6
Dodge: Dodged            ||     7

Levels and vault maps discovered:
D:4:      layout_cave_pools, nicolae_ashenzari_skybound, lemuel_doored_altar,
          mainiacjoe_overflow_alcove_2, uniq_pikel, uniq_natasha, uniq_robin
D:5:      layout_gridville, minmay_temple_entry_fiery,
          minmay_manual_mandibuliform

Notes
Turn   | Place    | Note
-------+----------+-------------------------------------------
     0 | D:5      | sanka the Human Delver began the quest for the Orb.
     0 | D:5      | Reached XP level 1. HP: 18/18 MP: 1/1
    34 | D:5      | Noticed an iguana
    75 | D:5      | Noticed a scorpion
    77 | D:5      | Noticed a scorpion
   105 | D:4      | Noticed Robin
   105 | D:4      | Noticed a hound
   286 | D:5      | Noticed an orc wizard
   306 | D:5      | Slain by a bullfrog skeleton

Vanquished Creatures
  2 goblins (D:5)
2 creatures vanquished.
